 Dungeon Crawl Stone Soup version 0.30-a0-626-gd6a5dd7a1f (webtiles) character file.

Game seed: 11840382038152355689

2372 Chaicat the Protected (level 9, -6/82 HPs)
             Began as a Minotaur Fighter on Jan 10, 2023.
             Was a Believer of Okawaru.
             Mangled by a deep troll (14 damage)
             ... on level 7 of the Dungeon on Jan 11, 2023.
             The game lasted 00:11:23 (6026 turns).

Chaicat the Protected (Minotaur Fighter)            Turns: 6026, Time: 00:11:23

Health: -6/82      AC: 17    Str: 28    XL:     9   Next: 21%
Magic:  8/8        EV:  6    Int:  4    God:    Okawaru [**....]
Gold:   385        SH:  0    Dex: 16    Spells: 8/8 levels left

rFire   . . .      SeeInvis .    f - +0 broad axe
rCold   . . .      Faith    .    p - +0 kite shield
rNeg    . . .      Spirit   .    w - +0 plate armour
rPois   .          Reflect  +    (helmet restricted)
rElec   .          Harm     .    i - +0 cloak
rCorr   .          Rampage  .    q - +0 pair of gloves
Will    .....                    u - +0 pair of boots Stlth
                                 t - amulet of reflection
HPRegen 0.33/turn                l - +6 ring of dexterity
MPRegen 0.11/turn                (no ring)

@: confused, mighty, ambrosia-drunk
A: horns 2, retaliatory headbutt, hooves 1, high MP 1, strong 1
a: Renounce Religion, Heroism


You were on level 7 of the Dungeon.
You worshipped Okawaru.
Okawaru was pleased with you.
You visited 1 branch of the dungeon, and saw 7 of its levels.

You collected 411 gold pieces.
You spent 26 gold pieces at shops.

Inventory:

Hand Weapons
 a - a +1 war axe
 f - a +0 broad axe (weapon)
Armour
 i - a +0 cloak (worn)
 p - a +0 kite shield (worn)
 q - a +0 pair of gloves (worn)
 u - a +0 pair of boots (worn)
 w - a +0 plate armour (worn)
Jewellery
 l - a +6 ring of dexterity (left hand)
 o - an amulet of guardian spirit
 t - an amulet of reflection (around neck)
Wands
 m - a wand of polymorph (8)
 r - a wand of mindburst (12)
 x - a wand of flame (12)
Scrolls
 b - 2 scrolls of teleportation
 e - 2 scrolls of magic mapping
 g - a scroll of poison
Potions
 c - a potion of heal wounds {unknown}
 d - 2 potions of might
 h - a potion of flight {unknown}
 j - a potion of lignification {unknown}
 k - 2 potions of ambrosia
 n - a potion of berserk rage {unknown}
 s - 2 potions of haste {unknown}
 v - 2 potions of attraction {unknown}
 z - a potion of curing
 A - a potion of magic


   Skills:
 + Level 8.3 Fighting
 + Level 7.8 Axes
 + Level 8.3 Armour
 + Level 8.2 Shields


You had 8 spell levels left.
You didn't know any spells.
Your spell library contained the following spells:

 Spells                   Type           Power      Damage    Failure   Level
 Ignite Poison            Fire/Tmut/Pois 0%         N/A       100%        3
 Kindle Blastsparks       Fire/Tloc/Air  0%         2d10      100%        3
 Freezing Cloud           Conj/Ice/Air   0%         6-21      100%        5


Dungeon Overview and Level Annotations

Branches:
Dungeon (7/15)             Temple (0/1) D:5

Altars:
Elyvilon
Okawaru
Ru
Trog
Zin

Shops:
D:6 *


Innate Abilities, Weirdness & Mutations

You have a pair of horns on your head.
You reflexively headbutt those who attack you in melee.
You have large cloven feet.
You have an increased reservoir of magic. (+10% MP)
Your muscles are strong. (Str +4, Int/Dex -1)


Message History

The deep troll claws you. You block the deep troll's attack. x3
The deep troll claws you!
* * * LOW HITPOINT WARNING * * *
You feel very mighty all of a sudden. You block the deep troll's attack. x2
The deep troll claws you but does no damage.
You slice the deep troll!! You headbutt the deep troll.
The deep troll is almost dead.
The deep troll bites you!
* * * LOW HITPOINT WARNING * * *
You block the deep troll's attack. x2
You slash the deep troll!
You kill the deep troll!
Okawaru is honoured by your kill.
Your Fighting skill increases to level 8!
Your Armour skill increases to level 8!
Your Shields skill increases to level 8!
You have reached level 9!
Your experience leads to an increase in your attributes!
Your base attributes are Str 22, Int 5, Dex 11.
Increase (S)trength, (I)ntelligence, or (D)exterity?
You feel stronger. x2
You are confused.
You feel invigorated.
The deep troll bites you but does no damage.
The deep troll claws you but does no damage.
The deep troll completely misses you.
You're too confused to attack without stumbling around!
You're too confused to attack without stumbling around!
You're too confused to attack without stumbling around!
You're too confused to move!
The deep troll bites you!
* * * LOW HITPOINT WARNING * * *
The deep troll closely misses you.
The deep troll claws you but does no damage.
You bump into the rock wall.
The deep troll bites you.
* * * LOW HITPOINT WARNING * * *
The deep troll barely misses you. The deep troll claws you.
* * * LOW HITPOINT WARNING * * *
You bump into the rock wall.
The deep troll bites you!
You die...

##...##....#
#.....#....##.......#
#.....#....##.......#
#....##....##.......#
'....##....# .......
##...##..<.###.....
##'####......##.T.
..............##T#
...............#@#
.................#
###..##...########
###..###'###
.....'.....#
.....#.....#
.##..##....#
###..##....#
#.........#


You could see 2 deep trolls.

Vanquished Creatures
  A deep troll (D:7)
  Sigmund (D:2)
  2 water moccasins
  An orc warrior (D:6)
  A sky beast (D:6)
  A phantom (D:6)
  A centaur (D:6)
  2 bullfrogs (D:6)
  5 scorpions
  Blork the orc (D:6)
  A howler monkey (D:5)
  A hound (D:5)
  2 orc priests
  Ijyb (D:4)
  2 iguanas (D:5)
  9 orc wizards
  Robin (D:2)
  12 adders
  3 worms
  4 dart slugs
  19 orcs
  4 ball pythons
  6 endoplasms
  6 giant cockroaches
  13 hobgoblins
  3 quokkas
  2 bats
  7 frilled lizards
  12 goblins
  11 kobolds
  5 rats
  A bush (D:1)
141 creatures vanquished.

Vanquished Creatures (others)
  A wizard (D:4)
  A plant (D:1)
2 creatures vanquished.

Grand Total: 143 creatures vanquished

Notes
Turn   | Place    | Note
-------+----------+-------------------------------------------
     0 | D:1      | Chaicat the Minotaur Fighter began the quest for the Orb.
     0 | D:1      | Reached XP level 1. HP: 19/19 MP: 0/0
   252 | D:1      | Reached XP level 2. HP: 22/27 MP: 1/1
   738 | D:1      | Found a faded altar of an unknown god.
  1118 | D:2      | Reached XP level 3. HP: 30/33 MP: 2/2
  1332 | D:2      | Noticed Robin
  1347 | D:2      | Killed Robin
  1397 | D:2      | Reached XP level 4. HP: 41/41 MP: 3/3
  1534 | D:2      | Noticed Sigmund
  1545 | D:2      | Killed Sigmund
  1546 | D:2      | Reached skill level 5 in Fighting
  1546 | D:2      | Reached skill level 5 in Armour
  1546 | D:2      | Reached skill level 5 in Shields
  1546 | D:2      | Reached XP level 5. HP: 16/48 MP: 4/4
  2162 | D:3      | Found a glowing silver altar of Zin.
  2162 | D:3      | Found an iron altar of Okawaru.
  2232 | D:3      | Became a worshipper of Warmaster Okawaru
  2469 | D:3      | Reached XP level 6. HP: 49/56 MP: 5/5
  2696 | D:4      | Noticed Ijyb
  2707 | D:4      | Killed Ijyb
  2902 | D:4      | Found a sacrificial altar of Ru.
  3207 | D:4      | Found a bloodstained altar of Trog.
  3208 | D:4      | Noticed a wizard
  3213 | D:4      | Killed a wizard
  3383 | D:5      | Entered Level 5 of the Dungeon
  3383 | D:5      | Noticed a water moccasin
  3395 | D:5      | Killed a water moccasin
  3396 | D:5      | Reached skill level 5 in Axes
  3614 | D:5      | Reached XP level 7. HP: 57/62 MP: 6/6
  3742 | D:5      | Reached * piety under Okawaru
  3750 | D:5      | Found a staircase to the Ecumenical Temple.
  3968 | D:5      | Upgraded the game from 0.30-a0-622-gddc90eaa04 to
                  | 0.30-a0-626-gd6a5dd7a1f
  4777 | D:6      | Reached XP level 8. HP: 63/71 MP: 7/7
  4950 | D:6      | Noticed Blork the orc
  4956 | D:6      | Killed Blork the orc
  4963 | D:6      | Reached ** piety under Okawaru
  5068 | D:6      | Found a white marble altar of Elyvilon.
  5504 | D:6      | Found Ibroddu's General Store.
  5532 | D:6      | Bought a scroll of identify for 26 gold pieces
  5656 | D:6      | Gained mutation: You are vulnerable to cold. (rC-) [potion
                  | of mutation]
  5656 | D:6      | Gained mutation: You are frail. (-10% HP) [potion of
                  | mutation]
  5656 | D:6      | Gained mutation: Your muscles are strong. (Str +4, Int/Dex
                  | -1) [potion of mutation]
  5657 | D:6      | Lost mutation: You are vulnerable to cold. (rC-) [potion of
                  | mutation]
  5657 | D:6      | Lost mutation: You are frail. (-10% HP) [potion of
                  | mutation]
  5657 | D:6      | Gained mutation: You have an increased reservoir of magic.
                  | (+10% MP) [potion of mutation]
  5657 | D:6      | Gained mutation: You have large cloven feet. [potion of
                  | mutation]
  6009 | D:7      | Noticed a deep troll
  6009 | D:7      | Noticed a deep troll
  6009 | D:7      | Noticed a deep troll
  6022 | D:7      | Killed a deep troll
  6023 | D:7      | Reached XP level 9. HP: 7/82 MP: 8/8
  6026 | D:7      | Mangled by a deep troll

Illustrated notes

Levels and vault maps discovered:
D:1:      moated_graveyard_arrival, layout_basic, serial_forest,
          infiniplex_forest_zigzag_1, infiniplex_forest_end_3,
          infiniplex_forest_corner_1, infiniplex_forest_zigzag_1,
          infiniplex_forest_straight_4, infiniplex_forest_straight_4,
          infiniplex_forest_zigzag_2, infiniplex_forest_end_1,
          infiniplex_forest_corner_1, nicolae_ecumenical_lake_church,
          minmay_hedge_maze, minmay_misc_feat_rugged
D:2:      minmay_chambers_of_ones, layout_basic, uniq_robin, uniq_sigmund
D:3:      layout_basic, amethyst_overflow_temple_binary
D:4:      layout_rooms, trog_wizard, nicolae_ru_sacrificial_ziggurat,
          amcnicky_mini_pool_small, uniq_ijyb
D:5:      layout_layer_cave, minmay_temple_entry_drinking_statues, hex_tiny
D:6:      layout_basic, nicolae_elyvilon_peaceful_grove, serial_shops,
          shop_fountains, uniq_blork_the_orc
D:7:      layout_gridville, serial_shops, nicolae_take_the_stairs,
          hellmonk_guarded_unrand_vitality_bloodlust

Skill      XL: |  1  2  3  4  5  6  7  8 |
---------------+-------------------------+-----
Fighting       | 4 5 6 8 |  8.3
Shields        | 4 5 6 8 |  8.2
Armour         | 4 5 6 8 |  8.3
Axes           | 3 4 5 6 7 |  7.8

Action                   |  1- 3 |  4- 6 |  7- 9 || total
-------------------------+-------+-------+-------++-------
Melee: War axe           |    20 |       |       ||    20
       Headbutt          |    24 |    38 |    25 ||    87
       Broad axe         |    90 |   135 |   138 ||   363
  Use: Scroll            |     6 |     3 |     5 ||    14
       Potion            |       |       |     4 ||     4
Armor: Scale mail        |    32 |    13 |       ||    45
       Chain mail        |       |    37 |    50 ||    87
       Plate armour      |       |       |    43 ||    43
Dodge: Dodged            |    40 |    36 |    35 ||   111
Block: Buckler           |    20 |    12 |       ||    32
       Kite shield       |       |    47 |   124 ||   171
       Reflection        |       |       |     3 ||     3

Table legend: (Time is in decaauts)
 A = Elapsed time spent in this place.
 B = Non-inter-level travel time spent in this place.
 C = Inter-level travel time spent in this place.
 D = Time resting spent in this place.
 E = Time spent auto-exploring this place.
 F = Levels seen in this place.
 G = Mean time per level.
                   A        B        C        D        E       F      G
               +--------+--------+--------+--------+--------+-----+--------+
         Total |   6203 |   5980 |    223 |    703 |   4038 |   7 |  886.1 |
       Dungeon |   6203 |   5980 |    223 |    703 |   4038 |   7 |  886.1 |
               +--------+--------+--------+--------+--------+-----+--------+

Top non-repeatable levels by time:
     D:5: 1418 daAuts
     D:6: 1205 daAuts
     D:1: 1144 daAuts
     D:2: 824 daAuts
     D:3: 796 daAuts
     D:4: 724 daAuts
     D:7: 88 daAuts
